AoeStats
← psonic

Lombardia

507748295Analyzed
3v3 RM · 12d ago on Sep 19, 2026· 43m 16s· 6 players
Game mode
Random Map
Map size
Normal (6 player)
Population
200
Speed
Normal
Resources
Standard
Victory
Conquest
Starting age
Dark Age
Ending age
Imperial Age
RankedLock teamsTeams togetherTeam positionsShared explorationLock speedFull tech treeHidden civsTurbo modeCheats
Victory
Defeat
🇨🇱 Burgundians · Chile
1178
+16
🇦🇷 Celts · Argentina
1148
+18
🇧🇷 Japanese · Brazil
1113
+19
🇩🇪 Britons · Germany
1290
-22
🇩🇪 Mongols · Germany
1282
-22
🇩🇪 Khmer · Germany
973
-30
Lord Virulana
3:54 Loom
11:17 Feudal Age
13:11 Fletching
18:21 Double-Bit Axe
23:20 Castle Age
21:12 Horse Collar
22:28 Stone Mining
22:30 Gold Mining
23:36 Town Watch
23:26 Crossbowman
24:12 Bodkin Arrow
24:17 Padded Archer Armor
26:56 Wheelbarrow
30:05 Ballistics
31:05 Hand Cart
31:03 Masonry
33:49 Leather Archer Armor
33:33 Elite Skirmisher
38:55 Bow Saw
42:13 Imperial Age
40:54 Treadmill Crane
42:22 Capped Ram
42:56 Heavy Scorpion
44:14 Ring Archer Armor
44:48 Chemistry
rafaelpereira2007
4:00 Loom
11:20 Feudal Age
12:51 Wheelbarrow
12:04 Double-Bit Axe
12:29 Horse Collar
17:00 Fletching
18:41 Padded Archer Armor
20:56 Stone Mining
24:08 Castle Age
22:01 Gold Mining
24:42 Crossbowman
24:46 Pikeman
25:27 Squires
26:31 Bow Saw
26:33 Heavy Plow
27:05 Bodkin Arrow
27:22 Forging
27:13 Scale Mail Armor
27:02 Gambesons
31:56 Guard Tower
33:33 Yasama
36:47 Imperial Age
34:06 Town Watch
35:08 Elite Skirmisher
36:35 Iron Casting
37:10 Ballistics
38:32 Keep
39:50 Chemistry
39:13 Bracer
39:39 Arrowslits
42:15 Thumb Ring
42:53 Leather Archer Armor
43:34 Masonry
Murderer Potato
10:24 Feudal Age
8:54 Loom
16:24 Castle Age
14:22 Double-Bit Axe
15:24 Bow Saw
25:21 Wheelbarrow
25:52 Burgundian Vineyards
25:47 Horse Collar
26:38 Heavy Plow
28:07 Two-Man Saw
30:03 Crop Rotation
30:11 Hand Cart
33:13 Imperial Age
31:48 Husbandry
31:09 Cavalier
31:56 Gold Mining
31:57 Stone Mining
34:10 Forging
34:06 Scale Barding Armor
35:41 Gold Shaft Mining
35:41 Stone Shaft Mining
34:39 Paladin
36:32 Conscription
37:03 Chain Barding Armor
37:20 Iron Casting
38:18 Caravan
41:58 Blast Furnace
psonic
7:03 Loom
11:13 Feudal Age
12:12 Double-Bit Axe
14:57 Castle Age
12:46 Horse Collar
16:45 Bow Saw
22:05 Town Watch
26:34 Gold Mining
27:22 Bloodlines
27:13 Husbandry
29:26 Wheelbarrow
30:14 Fletching
31:05 Ballistics
30:49 Bodkin Arrow
31:09 Padded Archer Armor
32:54 Husbandry
36:05 Imperial Age
34:22 Leather Archer Armor
35:12 Masonry
35:48 Hand Cart
35:34 Town Patrol
36:50 Bracer
36:12 Light Cavalry
38:15 Chemistry
38:30 Scale Barding Armor
38:36 Forging
39:56 Conscription
38:58 Hussar
40:50 Thumb Ring
41:11 Parthian Tactics
42:15 Elite Mangudai
43:03 Heavy Camel Rider
Lsk.
11:03 Feudal Age
14:46 Castle Age
13:35 Double-Bit Axe
13:40 Horse Collar
16:59 Bow Saw
17:46 Loom
21:14 Elite Skirmisher
22:27 Fletching
23:01 Padded Archer Armor
26:03 Bodkin Arrow
28:03 Gold Mining
28:20 Crossbowman
28:58 Crossbowman
34:49 Ballistics
38:01 Imperial Age
38:19 Wheelbarrow
40:39 Bracer
41:23 Leather Archer Armor
41:07 Arbalester
Sasa
2:43 Loom
13:48 Feudal Age
15:54 Wheelbarrow
22:32 Double-Bit Axe
25:43 Gold Mining
25:37 Horse Collar
30:46 Castle Age
34:46 Scale Barding Armor
35:37 Hand Cart
36:32 Gold Shaft Mining
37:19 Bow Saw
37:20 Heavy Plow
Connection lost

Rejoining the realm…

Still unreachable

The connection could not be restored.

Session expired

The server has moved on; the page needs a fresh start.